 Dungeon Crawl Stone Soup version 0.30-a0-458-g86641cc369 (webtiles) character file.

Game seed: 9066856080008825353

71094 Jackthecabe the Destroyer (level 14, -2/115 HPs)
             Began as a Demigod Conjurer on Dec 15, 2022.
             Slain by a two-headed ogre
             ... wielding a +0 giant spiked club
              (13 damage)
             ... on level 2 of the Orcish Mines.
             The game lasted 01:19:16 (31623 turns).

Jackthecabe the Destroyer (Demigod Conjurer)       Turns: 31623, Time: 01:19:16

Health: -2/115     AC: 14    Str:  8    XL:     14   Next: 54%
Magic:  34/34      EV: 12    Int: 39    God:
Gold:   1345       SH:  0    Dex: 12    Spells: 5/23 levels left

rFire   + + .      SeeInvis .    f - +0 rapier
rCold   + + .      Faith    .    (no shield)
rNeg    . . .      Spirit   .    V - +2 robe {rC+ rF+}
rPois   .          Reflect  .    S - +1 helmet of Zimetz {Rampage rC+ Will+ Int+3}
rElec   .          Harm     .    i - +0 cloak
rCorr   .          Rampage  +    B - +2 pair of gloves
Will    ++...                    c - +2 pair of boots
Stlth   ++........               (no amulet)
HPRegen 0.39/turn                F - ring of protection from fire
MPRegen 0.24/turn                M - ring of magical power

@: no status effects
A: high MP 1, forlorn, divine attributes
a: no special abilities


You were on level 2 of the Orcish Mines.
You visited 4 branches of the dungeon, and saw 21 of its levels.

You collected 1345 gold pieces.


Innate Abilities, Weirdness & Mutations

You have an increased reservoir of magic. (+10% MP)
You shall have no god before yourself.
Your divine heritage dramatically boosts your attributes as you level up.


   Skills:
 - Level 8.0 Fighting
 - Level 4.0 Armour
 - Level 3.0 Dodging
 - Level 1.7 Stealth
 - Level 5.0 Spellcasting
 + Level 12.4 Conjurations
 - Level 10.5 Hexes
 - Level 8.0 Summonings
 - Level 5.0 Necromancy
 - Level 6.0 Transmutations
 - Level 11.0 Fire Magic
 - Level 4.0 Evocations


You had 5 spell levels left.
You knew the following spells:

 Your Spells              Type           Power      Damage    Failure   Level
f - Fulminant Prism       Conj/Hex       39%        3d17      1%          4
i - Irradiate             Conj/Tmut      34%        3d23      1%          5
m - Magic Dart            Conj           100%       1d8       1%          1
s - Searing Ray           Conj           100%       2d8       1%          2
X - Starburst             Conj/Fire      39%        6d11      4%          6

Your spell library contained the following spells:

 Spells                   Type           Power      Damage    Failure   Level
 Summon Small Mammal      Summ           100%       N/A       1%          1
 Ensorcelled Hibernation  Hex/Ice        100%       N/A       1%          2
 Momentum Strike          Conj/Tloc      100%       3d10      1%          2
 Passwall                 Tmut/Erth      27%        N/A       1%          2
 Sublimation of Blood     Necr           48%        N/A       1%          2
 Call Canine Familiar     Summ           64%        N/A       1%          3
 Dazzling Flash           Conj/Hex       100%       N/A       1%          3
 Hailstorm                Conj/Ice       55%        3d12      1%          3
 Stone Arrow              Conj/Erth      100%       3d13      1%          3
 Summon Guardian Golem    Hex/Summ       70%        N/A       1%          3
 Iskenderun's Mystic Bla  Conj/Tloc      55%        2d12      2%          4
 Apportation              Tloc           18%        N/A       3%          1
 Freeze                   Ice            36%        1d5       3%          1
 Sandblast                Erth           18%        2d7       3%          1
 Blink                    Tloc           18%        N/A       4%          2
 Animate Armour           Summ/Erth      80%        N/A       6%          4
 Petrify                  Tmut/Erth      33%        N/A       9%          4
 Lesser Beckoning         Tloc           18%        N/A       10%         3
 Swiftness                Air            9%         N/A       10%         3
 Alistair's Intoxication  Tmut/Pois      22%        N/A       26%         5
 Manifold Assault         Tloc           9%         N/A       30%         4
 Borgnjor's Vile Clutch   Necr/Erth      14%        N/A       30%         5
 Orb of Destruction       Conj           41%        9d11      16%         7
 Spellforged Servitor     Conj/Summ      37%        N/A       38%         7
 Summon Hydra             Summ           32%        N/A       69%         7
 Eringya's Noxious Bog    Tmut/Pois      16%        N/A       80%         6
 Haunt                    Necr/Summ      28%        N/A       88%         7
 Storm Form               Tmut/Air       16%        N/A       100%        7
 Lehudib's Crystal Spear  Conj/Erth      27%        10d7      100%        8

Inventory:

Hand Weapons
 f - a +0 rapier (weapon)
Missiles
 h - 26 poisoned darts
Armour
 a - a +0 robe
 c - a +2 pair of boots (worn)
 i - a +0 cloak (worn)
 y - a +0 buckler
 B - a +2 pair of gloves (worn)
 K - +0 steam dragon scales
 P - a +3 leather armour of willpower
 S - the +1 helmet of Zimetz (worn) {Rampage rC+ Will+ Int+3}
   (You found it on level 5 of the Lair of Beasts)

   Int:       It affects your intelligence (+3).
   rC:        It protects you from cold.
   Rampage:   It bestows one free step when moving towards enemies.
   Will:      It increases your willpower.
 V - a +2 robe of resistance (worn)
Magical Staves
 J - a staff of earth {!a}
 U - a staff of conjuration {!a}
Jewellery
 C - a ring of ice
 D - a +6 ring of dexterity
 F - a ring of protection from fire (left hand)
 M - a ring of magical power (right hand)
Wands
 A - a wand of flame (52)
 E - a wand of iceblast (20)
 G - a wand of digging (4)
 I - a wand of mindburst (24)
 R - a wand of polymorph (10)
Scrolls
 b - 2 scrolls of identify {@r1}
 d - 2 scrolls of enchant armour
 e - a scroll of blinking
 g - 6 scrolls of noise {unknown}
 j - 5 scrolls of poison
 k - 3 scrolls of magic mapping
 n - 2 scrolls of teleportation {@r2}
 p - a scroll of acquirement
 q - 3 scrolls of fear
 s - 9 scrolls of enchant weapon
 t - 4 scrolls of fog
 v - a scroll of silence {!r}
 w - 3 scrolls of amnesia
 H - 4 scrolls of immolation
 N - a scroll of vulnerability
Potions
 l - a potion of haste {@q3}
 m - 3 potions of curing {@q1}
 o - 2 potions of attraction
 r - 6 potions of might
 u - 3 potions of mutation {unknown}
 x - a potion of resistance {unknown}
 z - 3 potions of lignification {unknown}
 L - 2 potions of flight {unknown}
 O - 2 potions of berserk rage {!q}
 Q - a potion of brilliance {unknown}
 T - 2 potions of cancellation {unknown}

Dungeon Overview and Level Annotations

Branches:
Dungeon (13/15)            Temple (1/1) D:5            Lair (5/5) D:9
  Swamp (0/4) Lair:2       Spider (0/4) Lair:3        Slime (0/5) Lair:4
    Orc (2/2) D:11
    Elf: Orc:2       Vaults: D:13-14

Shops:
D:2 *   D:10 *   Orc:1 (   Orc:2 *!

Annotations:
D:4 1 runed translucent door, cforsyth's ghost, novice TrFi
Lair:3 1 runed translucent door, bakla's ghost, adept TrSu

## ...# # ###.
..... .
##....#..#. ..
#......... ...
#.....#.<##...#
. .....T.......
....#.TOO......
.....OO@T...#
......OOO....#
.......OOO.∩...
.......{.C.....
...o..∩........
...............
...............
...............


You could see 5 two-headed ogres, a cyclops, 3 trolls, 5 ogres and an orc
wizard.


Message History

You climb downwards.
The two-headed ogre shouts in stereo!
The troll bites you. The troll barely misses you. The troll claws you.
The ogre closely misses you. The two-headed ogre closely misses you.
The two-headed ogre hits you but does no damage.
The ogre closely misses you. The troll barely misses you.
The troll completely misses you. The troll claws you but does no damage.
The ogre closely misses you. The troll completely misses you.
The troll claws you but does no damage. The troll claws you.
The ogre hits you with a +0 giant club. The troll bites you.
The troll claws you but does no damage. The troll misses you.
There is a stone staircase leading up, spattered with blood here.
The two-headed ogre hits you with a +0 giant club!
The two-headed ogre barely misses you.
The ogre hits you with a +0 giant spiked club!!
* * * LOW HITPOINT WARNING * * *
The ogre closely misses you.
The ogre hits you with a +0 giant club!!
* * * LOW HITPOINT WARNING * * *
The troll bites you.
* * * LOW HITPOINT WARNING * * *
The troll closely misses you. The troll barely misses you.
The ogre mage gestures wildly while chanting.
The ogre mage flickers and vanishes!
Deactivating autopickup; reactivate with Ctrl-A.
The troll closely misses you. The troll claws you.
* * * LOW HITPOINT WARNING * * *
The troll barely misses you.
The two-headed ogre hits you with a +0 giant spiked club!
You die...

Skill      XL: |  1  2  3  4  5  6  7  8  9 10 11 12 13 14 |
---------------+-------------------------------------------+-----
Spellcasting   | 2 3 4 5 |  5.0
Conjurations   | 4 5 6 7 9 10 11 12 | 12.4
Hexes          | 2 4 7 10 | 10.5
Fighting       | 4 8 |  8.0
Armour         | 4 |  4.0
Dodging        | 3 |  3.0
Evocations     | 4 |  4.0
Fire Magic     | 1 9 10 11 | 11.0
Summonings     | 6 8 |  8.0
Necromancy     | 5 |  5.0
Transmutations | 2 6 |  6.0
Stealth        | |  1.7

Action                   |  1- 3 |  4- 6 |  7- 9 | 10-12 | 13-15 || total
-------------------------+-------+-------+-------+-------+-------++-------
Melee: Unarmed           |    25 |       |       |       |       ||    25
       Rapier            |     4 |     7 |    30 |     8 |    65 ||   114
       Punch             |       |       |       |     2 |     2 ||     4
Throw: Dart              |       |       |     2 |     1 |       ||     3
       Throwing net      |       |       |       |       |     1 ||     1
 Cast: Magic Dart        |    76 |    81 |   100 |   143 |   178 ||   578
       Searing Ray       |     6 |    13 |    43 |    93 |       ||   155
       Fulminant Prism   |       |     1 |    30 |   103 |    32 ||   166
       Starburst         |       |       |       |    28 |   136 ||   164
       Irradiate         |       |       |       |       |    46 ||    46
Evoke: Wand              |       |       |       |     6 |     5 ||    11
  Use: Scroll            |       |       |    16 |     9 |     4 ||    29
       Potion            |       |       |       |     2 |     7 ||     9
 Stab: Petrified         |       |       |       |       |     3 ||     3
Armor: Robe              |    19 |     5 |    19 |       |    30 ||    73
       Steam dragon scal |       |       |    26 |     2 |       ||    28
       Leather armour    |       |       |       |    92 |    76 ||   168
Dodge: Dodged            |    29 |    15 |    71 |   117 |   189 ||   421

Levels and vault maps discovered:
D:1:      minmay_arrival_five_plusses, layout_basic
D:2:      minmay_skewed_foursquare, layout_loops_ring, serial_shops,
          nicolae_lakefront_shop, basic_altar
D:3:      layout_loops_ring, nicolae_ru_path_of_blood, lemuel_round_altar
D:4:      layout_cave_pools, kennysheep_mini, gammafunk_ghost_grave,
          minivault_26
D:5:      layout_layer_cave, lemuel_round_altar,
          minmay_temple_entry_antechambers, uniq_prince_ribbit1
D:6:      layout_rooms, serial_curves, eino_curves_02, eino_curves_04,
          eino_curves_02, eino_curves_02
D:7:      nicolae_cairo_tiling_large, layout_basic,
          mainiacjoe_overflow_surrounded_room, kennysheep_little_box,
          uniq_joseph, uniq_duvessa
D:8:      layout_rooms, mainiacjoe_overflow_alcove_4, marbit_many_paths
D:9:      layout_loops_ring, regret_index_temple_of_mockery, david_lair_generic,
          uniq_grum
D:10:     nzn_motion_control, layout_basic, nicolae_dithmenos_the_darkroom,
          mainiacjoe_overflow_24_doors, serial_shops, shop
D:11:     layout_loops_ring, david_orc_2
D:12:     kennysheep_kobold_lugonu_temple, layout_loops_ring, uniq_erolcha,
          uniq_snorg, uniq_gastronok
D:13:     layout_gridville, portal_ice_cave_rime
Temple:   compressed_dpeg_circular_temple
Lair:1:   layout_hall_layers, basic_altar, uniq_fannar
Lair:2:   layout_regular_city, palyth_hydra_swamp_entry, uniq_nergalle
Lair:3:   layout_chaotic_city, spider_nest_entry_a,
          nicolae_volcano_entry_s_turn, hellmonk_ghost_happy_afterlife,
          grunt_megastairs_4, lemuel_fruit_fields, uniq_urug
Lair:4:   layout_cave_pods, nicolae_slime_entry_slimehenge,
          nicolae_lair_liquid_snakes, infiniplex_staircase_pool,
          grunt_megastairs_5, uniq_nessos
Lair:5:   grunt_lair_end_beastmaster, layout_gridlike, serial_bayou_shore_a,
          grunt_megastairs_3
Orc:1:    layout_diamond_mine, serial_shops, nicolae_shop_advertising_works
          [nicolae_subvault_shop_adworks], bloody_makhleb
Orc:2:    st_orc_open, layout_caves, gammafunk_ghost_wrathful_warriors

Notes
Turn   | Place    | Note
-------+----------+-------------------------------------------
     0 | D:1      | Jackthecabe the Demigod Conjurer began the quest for the
                  | Orb.
     0 | D:1      | Reached XP level 1. HP: 14/14 MP: 5/5
   127 | D:1      | Reached skill level 2 in Spellcasting
   501 | D:1      | Reached XP level 2. HP: 20/20 MP: 5/7
   623 | D:1      | Learned a level 2 spell: Searing Ray
   864 | D:2      | Reached skill level 4 in Conjurations
  1096 | D:2      | Reached XP level 3. HP: 20/26 MP: 1/9
  1998 | D:2      | Found Pemug's Assorted Antiques.
  2048 | D:2      | Reached skill level 3 in Spellcasting
  2048 | D:2      | Reached XP level 4. HP: 33/33 MP: 8/11
  2162 | D:2      | Learned a level 4 spell: Fulminant Prism
  3089 | D:4      | Reached skill level 1 in Hexes
  3525 | D:4      | Reached skill level 5 in Conjurations
  3525 | D:4      | Reached skill level 2 in Hexes
  3525 | D:4      | Reached XP level 5. HP: 36/38 MP: 3/12
  3627 | D:4      | Noticed an ogre
  3633 | D:4      | Killed an ogre
  3759 | D:4      | Reached XP level 6. HP: 44/45 MP: 2/13
  3863 | D:4      | Reached skill level 3 in Hexes
  4134 | D:4      | Found a runed translucent door.
  4134 | D:4      | Noticed cforsyth's ghost (novice TrFi)
  4314 | D:5      | Entered Level 5 of the Dungeon
  4454 | D:5      | Reached skill level 6 in Conjurations
  4580 | D:5      | Noticed Prince Ribbit
  4589 | D:5      | Killed Prince Ribbit
  4590 | D:5      | Reached skill level 4 in Hexes
  4590 | D:5      | Reached XP level 7. HP: 39/50 MP: 6/14
  4703 | D:5      | Reached skill level 5 in Hexes
  4917 | D:5      | Found a staircase to the Ecumenical Temple.
  5080 | D:5      | Reached skill level 6 in Hexes
  5161 | D:5      | Noticed a wyvern
  5167 | D:5      | Killed a wyvern
  5982 | Temple   | Entered the Ecumenical Temple
  6031 | D:6      | Reached skill level 7 in Hexes
  6069 | D:4      | Reached XP level 8. HP: 22/57 MP: 1/15
  6839 | D:6      | Noticed a troll
  7224 | D:6      | Reached skill level 8 in Hexes
  7759 | D:6      | Killed a troll
  7760 | D:6      | Reached skill level 9 in Hexes
  7954 | D:7      | Noticed Duvessa
  7956 | D:7      | Noticed Dowan
  7961 | D:7      | Killed Dowan
  7961 | D:7      | Killed Duvessa
  8214 | D:7      | Noticed Joseph
  8224 | D:7      | Killed Joseph
  8225 | D:7      | Reached skill level 10 in Hexes
  8225 | D:7      | Reached XP level 9. HP: 20/62 MP: 4/16
  8509 | D:7      | Got Koiwnut's Quarto of Generative Congelation
  9040 | D:7      | Reached skill level 1 in Fighting
  9319 | D:7      | Reached skill level 2 in Fighting
  9693 | D:8      | Reached skill level 4 in Spellcasting
  9819 | D:8      | Reached skill level 3 in Fighting
  9899 | D:8      | Reached skill level 7 in Conjurations
 10251 | D:9      | Noticed a two-headed ogre
 10257 | D:9      | Killed a two-headed ogre
 10258 | D:9      | Reached skill level 4 in Fighting
 10258 | D:9      | Reached XP level 10. HP: 65/78 MP: 3/19
 10409 | D:9      | Reached skill level 8 in Conjurations
 10409 | D:9      | Reached skill level 1 in Armour
 10690 | D:9      | Found a staircase to the Lair.
 10690 | D:9      | Noticed an elephant
 10694 | D:9      | Reached skill level 2 in Armour
 10713 | D:9      | Killed an elephant
 10714 | D:9      | Reached skill level 3 in Armour
 10728 | D:9      | Reached skill level 4 in Armour
 10850 | D:9      | Noticed Grum
 10872 | D:9      | Reached skill level 2 in Dodging
 10874 | D:9      | Killed Grum
 10975 | D:9      | Reached skill level 3 in Dodging
 10976 | D:9      | Reached skill level 1 in Evocations
 10998 | D:9      | Noticed a smoke demon
 10999 | D:9      | Reached skill level 2 in Evocations
 11194 | D:9      | Reached skill level 3 in Evocations
 11206 | D:9      | Reached skill level 4 in Evocations
 11405 | D:9      | Noticed a two-headed ogre
 11418 | D:9      | Killed a two-headed ogre
 12069 | D:10     | Entered Level 10 of the Dungeon
 12471 | D:9      | Reached skill level 9 in Conjurations
 12623 | D:10     | Learned a level 6 spell: Starburst
 12671 | D:10     | Noticed a manticore
 12672 | D:10     | Noticed a catoblepas
 13163 | D:10     | Killed a manticore
 13164 | D:10     | Reached skill level 1 in Fire Magic
 13164 | D:10     | Reached XP level 11. HP: 43/84 MP: 7/20
 13172 | D:10     | HP: 6/84 [barbs]
 13510 | D:10     | Reached skill level 2 in Fire Magic
 13948 | D:10     | Found Ygyguuna's Assorted Antiques.
 14011 | D:11     | Noticed a two-headed ogre
 14025 | D:11     | Killed a two-headed ogre
 14176 | D:11     | Reached skill level 3 in Fire Magic
 14397 | D:11     | You fall into a shaft and drop 2 floors!
 14533 | D:13     | Noticed a rakshasa
 14643 | D:11     | Noticed a two-headed ogre
 14661 | D:11     | Killed a two-headed ogre
 14661 | D:11     | Noticed a two-headed ogre
 14662 | D:11     | Reached skill level 10 in Conjurations
 14662 | D:11     | Reached skill level 4 in Fire Magic
 14667 | D:11     | Killed a two-headed ogre
 14971 | D:12     | Reached skill level 5 in Fire Magic
 14979 | D:13     | Noticed a four-headed hydra
 15281 | D:11     | Found a staircase to the Orcish Mines.
 15313 | D:11     | Reached skill level 6 in Fire Magic
 15563 | D:11     | Noticed a two-headed ogre
 15571 | D:11     | Killed a two-headed ogre
 15572 | D:11     | Reached skill level 7 in Fire Magic
 15739 | Lair:1   | Entered Level 1 of the Lair of Beasts
 16364 | Lair:1   | Reached skill level 8 in Fire Magic
 16380 | Lair:1   | Noticed Fannar
 16398 | Lair:1   | Killed Fannar
 16819 | D:9      | Reached skill level 9 in Fire Magic
 16849 | D:9      | Killed a catoblepas
 16850 | D:9      | Reached XP level 12. HP: 65/91 MP: 9/21
 17253 | Lair:1   | Reached skill level 10 in Fire Magic
 18029 | Lair:1   | Identified a scroll of acquirement
 18092 | Lair:2   | Noticed Nergalle
 18105 | Lair:2   | Killed Nergalle
 18106 | Lair:2   | Reached skill level 5 in Fighting
 18369 | Lair:2   | Reached skill level 6 in Fighting
 18480 | Lair:2   | Reached skill level 5 in Spellcasting
 18629 | Lair:2   | Noticed an eight-headed hydra
 18631 | Lair:2   | Noticed a five-headed hydra
 19007 | Lair:2   | Killed a five-headed hydra
 19026 | Lair:2   | Killed an eight-headed hydra
 19027 | Lair:2   | Reached skill level 7 in Fighting
 20063 | Lair:2   | Found a staircase to the Swamp.
 20455 | Lair:3   | Noticed a four-headed hydra
 20455 | Lair:3   | Noticed an eight-headed hydra
 20599 | Lair:2   | Reached skill level 8 in Fighting
 20719 | Lair:3   | Noticed Urug
 20722 | Lair:3   | Killed an eight-headed hydra
 20827 | Lair:3   | Killed Urug
 20839 | Lair:3   | Found a hole to the Spider Nest.
 20865 | Lair:3   | Noticed bakla's ghost (adept TrSu)
 20876 | Lair:3   | Found a runed translucent door.
 20876 | Lair:3   | Noticed a five-headed hydra
 20881 | Lair:3   | Killed a five-headed hydra
 20882 | Lair:3   | Reached XP level 13. HP: 107/107 MP: 15/24
 21913 | Lair:3   | Reached skill level 11 in Conjurations
 21913 | Lair:3   | Reached skill level 11 in Fire Magic
 21913 | Lair:3   | Reached skill level 1 in Summonings
 21913 | Lair:3   | Reached skill level 1 in Necromancy
 22181 | Lair:4   | Reached skill level 2 in Summonings
 22181 | Lair:4   | Reached skill level 2 in Necromancy
 22514 | Lair:4   | Reached skill level 3 in Summonings
 22514 | Lair:4   | Reached skill level 3 in Necromancy
 23125 | Lair:4   | Learned a level 5 spell: Irradiate
 23179 | Lair:4   | Reached skill level 4 in Summonings
 23179 | Lair:4   | Reached skill level 4 in Necromancy
 23246 | Lair:4   | Noticed Nessos
 23659 | Lair:4   | Killed Nessos
 23996 | Lair:4   | Found a staircase to the Slime Pits.
 25103 | Lair:5   | Entered Level 5 of the Lair of Beasts
 25111 | Lair:5   | Reached skill level 5 in Summonings
 25111 | Lair:5   | Reached skill level 5 in Necromancy
 26354 | Lair:5   | Reached skill level 6 in Summonings
 26354 | Lair:5   | Reached skill level 1 in Transmutations
 26742 | Lair:5   | Reached skill level 2 in Transmutations
 26742 | Lair:5   | Reached XP level 14. HP: 108/115 MP: 15/25
 27252 | Lair:5   | Reached skill level 12 in Conjurations
 27364 | Lair:5   | Reached skill level 3 in Transmutations
 27668 | Lair:5   | Reached skill level 7 in Summonings
 28167 | Lair:5   | Reached skill level 4 in Transmutations
 28795 | Lair:5   | Identified the +1 helmet of Zimetz {Rampage rC+ Will+
                  | Int+3}
 29123 | Orc:1    | Entered Level 1 of the Orcish Mines
 29156 | Orc:1    | Identified a +2 robe of resistance
 29500 | Orc:1    | Found Qogriferr's Antique Weapon Boutique.
 29991 | Orc:2    | Entered Level 2 of the Orcish Mines
 29996 | Orc:2    | Noticed an orc warlord
 30002 | Orc:2    | Killed an orc warlord
 30003 | Orc:2    | Reached skill level 5 in Transmutations
 30007 | Orc:1    | Reached skill level 8 in Summonings
 30142 | Orc:2    | Found Notoing's Distillery.
 30142 | Orc:2    | Found Itockoirph's General Store.
 31100 | Orc:2    | Reached skill level 6 in Transmutations
 31623 | Orc:2    | HP: 11/115 [troll (5)]
 31623 | Orc:2    | Slain by a two-headed ogre

Vanquished Creatures
  An orc warlord (Orc:2)
  Nessos (Lair:4)
  Fannar (Lair:1)
  8 hydras
  3 catoblepae
  An ogre mage (Orc:1)
  9 two-headed ogres
  19 death yaks
  A deep troll shaman (Lair:5)
  Urug (Lair:3)
  2 deep trolls (Orc:1)
  Nergalle (Lair:2)
  A lindwurm (Lair:5)
  An orc sorcerer (Orc:1)
  An ugly thing (D:11)
  An oklob plant (Lair:5)
  A manticore (D:10)
  3 cyclopes
  9 elephants
  5 black mambas
  A torpor snail (Lair:2)
  16 cane toads
  Joseph (D:7)
  3 rime drakes
  15 komodo dragons
  2 kobold demonologists
  8 trolls
  2 polar bears
  Prince Ribbit (D:5)
  17 blink frogs
  3 slime creatures (D:13)
  A vampire (D:10)
  2 shadows
  7 wyverns
  Grum (D:9)
  2 wraiths
  3 basilisks
  50 yaks
  A steam dragon (D:7)
  A warg (Orc:1)
  An acid dragon (D:10)
  2 swamp worms (Lair:2)
  18 water moccasins
  Duvessa (D:7)
  A black bear (D:9)
  8 orc warriors
  2 ice beasts
  A sky beast (D:7)
  6 centaurs
  12 ogres
  8 wolves
  A phantom (D:5)
  A kobold brigand (D:8)
  14 bullfrogs
  3 scorpions
  A gnoll sergeant (D:10)
  Dowan (D:7)
  15 killer bees
  6 electric eels (Lair:4)
  5 howler monkeys (D:9)
  3 jellies
  4 lava snakes (Lair:4)
  10 orc priests
  4 hounds
  4 iguanas
  14 orc wizards
  6 hell rats (Lair:3)
  7 gnolls
  5 adders
  A white imp (D:5)
  An ufetubus (D:4)
  A worm (D:2)
  2 dart slugs
  47 orcs
  9 endoplasms
  7 giant cockroaches
  11 goblins
  5 hobgoblins
  7 jackals
  13 kobolds
  4 quokkas
  2 ball pythons
  5 bats
  4 frilled lizards
  2 rats (D:3)
492 creatures vanquished.

Vanquished Creatures (others)
  A bush (Lair:3)
  166 fulminant prisms
  57 fungi
  60 plants
284 creatures vanquished.

Grand Total: 776 creatures vanquished

Table legend: (Time is in decaauts)
 A = Elapsed time spent in this place.
 B = Non-inter-level travel time spent in this place.
 C = Inter-level travel time spent in this place.
 D = Time resting spent in this place.
 E = Time spent auto-exploring this place.
 F = Levels seen in this place.
 G = Mean time per level.
                   A        B        C        D        E       F      G
               +--------+--------+--------+--------+--------+-----+--------+
         Total |  31731 |  29671 |   2060 |   9022 |  16266 |  21 | 1511.0 |
       Dungeon |  17138 |  15808 |   1330 |   3732 |   9846 |  13 | 1318.3 |
        Temple |      1 |      1 |      0 |      0 |      0 |   1 |    1.0 |
          Lair |  12208 |  11702 |    506 |   3972 |   5811 |   5 | 2441.6 |
  Orcish Mines |   2381 |   2158 |    223 |   1318 |    609 |   2 | 1190.5 |
               +--------+--------+--------+--------+--------+-----+--------+

Top non-repeatable levels by time:
  Lair:4: 3202 daAuts
     D:9: 3084 daAuts
  Lair:5: 2924 daAuts
  Lair:2: 2657 daAuts
   Orc:1: 2281 daAuts
     D:5: 2018 daAuts
  Lair:3: 1742 daAuts
  Lair:1: 1681 daAuts
     D:7: 1550 daAuts
    D:10: 1486 daAuts
    D:11: 1400 daAuts
     D:6: 1398 daAuts
     D:2: 1377 daAuts
     D:8: 1257 daAuts
     D:4: 1228 daAuts

Table legend:
 A = Non-vault XP
 B = Vault XP
 C = Vault XP percentage of total XP
 D = Non-vault monster count
 E = Vault monster count
 F = Vault count percentage of total count
                 A         B        C        D         E       F
            +---------+---------+-------+---------+---------+-------
      Total |   73649 |   27915 |  27.5 |     403 |      89 |  18.1
            +---------+---------+-------+---------+---------+-------
        D:1 |      24 |       0 |   0.0 |      14 |       0 |   0.0
        D:2 |      61 |      32 |  34.4 |      24 |       5 |  17.2
        D:3 |      23 |       0 |   0.0 |      13 |       0 |   0.0
        D:4 |     468 |       0 |   0.0 |      23 |       0 |   0.0
        D:5 |     756 |     277 |  26.8 |      16 |       1 |   5.9
        D:6 |    1120 |       0 |   0.0 |      23 |       0 |   0.0
        D:7 |    1260 |     616 |  32.8 |      13 |       3 |  18.8
        D:8 |    1253 |      43 |   3.3 |      18 |       1 |   5.3
        D:9 |    5094 |    2390 |  31.9 |      22 |       9 |  29.0
       D:10 |    1439 |     517 |  26.4 |      18 |       1 |   5.3
       D:11 |    6698 |      15 |   0.2 |      21 |       5 |  19.2
       D:12 |     218 |       0 |   0.0 |       2 |       0 |   0.0
       D:13 |     792 |       0 |   0.0 |       3 |       0 |   0.0
     Lair:1 |    6138 |     889 |  12.7 |      24 |       1 |   4.0
     Lair:2 |    9845 |    3528 |  26.4 |      30 |       7 |  18.9
     Lair:3 |    7133 |    1474 |  17.1 |      19 |       4 |  17.4
     Lair:4 |   13006 |    2396 |  15.6 |      36 |      17 |  32.1
     Lair:5 |   12515 |    9435 |  43.0 |      34 |      19 |  35.8
      Orc:1 |    4225 |    3825 |  47.5 |      32 |      10 |  23.8
      Orc:2 |    1581 |    2478 |  61.0 |      18 |       6 |  25.0
            +---------+---------+-------+---------+---------+-------
